 Dungeon Crawl Stone Soup version 0.28.0-55-gcd9437bce4 (webtiles) character file.

Game seed: 9163431642611914985

1235 cbfl8 the Chopper (level 8, -22/100 HPs)
             Began as a Palentonga Berserker on Dec 9, 2022.
             Was a Believer of Trog.
             Annihilated by a two-headed ogre
             ... wielding a +0 giant club
              (24 damage)
             ... on level 5 of the Dungeon on Dec 10, 2022.
             The game lasted 00:06:32 (6536 turns).

cbfl8 the Chopper (Palentonga Berserker)            Turns: 6536, Time: 00:06:33

Health: -22/100    AC: 17    Str: 20    XL:     8   Next: 24%
Magic:  8/8        EV:  4    Int:  7    God:    Trog [**....]
Gold:   291        SH:  0    Dex: 13    Spells: 7/7 levels left

rFire   . . .      SeeInvis +   t - +2 hand axe (vorpal)
rCold   . . .      Faith    .   (no shield)
rNeg    . . .      Spirit   .   n - +0 plate armour
rPois   .          Reflect  .   (no helmet)
rElec   .          Harm     .   (no cloak)
rCorr   .          Rampage  .   (no gloves)
Will    +....                   (no barding)
Stlth   ..........              (no amulet)
HPRegen 0.26/turn               d - ring of willpower
MPRegen 0.11/turn               (no ring)

@: berserking, curled up, very quick
A: large, rugged brown scales 3, see invisible, deformed body, roll 1, armoured
tail, reflexive curl
a: Rolling Charge, Renounce Religion, Berserk, Trog's Hand


You were on level 5 of the Dungeon.
You worshipped Trog.
Trog was pleased with you.
You visited 1 branch of the dungeon, and saw 6 of its levels.

You collected 291 gold pieces.

Inventory:

Hand Weapons
 t - a +2 vorpal hand axe (weapon)
Missiles
 f - a throwing net
Armour
 n - a +0 plate armour (worn)
Jewellery
 d - a ring of willpower (left hand)
Wands
 p - a wand of polymorph (8)
 v - a wand of iceblast (11)
Scrolls
 a - a scroll of fear {unknown}
 b - a scroll of summoning {unknown}
 e - a scroll of noise {unknown}
 h - a scroll of immolation
 k - 4 scrolls of teleportation
 l - a scroll of amnesia {unknown}
 r - 6 scrolls of fog
 s - 2 scrolls of holy word
Potions
 c - 3 potions of haste
 g - a potion of invisibility {unknown}
 i - a potion of lignification {unknown}
 j - a potion of berserk rage {unknown}
 m - 2 potions of might {unknown}
 o - a potion of resistance {unknown}
 q - a potion of ambrosia {unknown}
 u - 2 potions of degeneration {unknown}


   Skills:
 + Level 5.5 Fighting
 + Level 7.1 Axes
 + Level 4.5 Armour
 + Level 2.2 Dodging
 + Level 1.2 Stealth


You had 7 spell levels left.
You didn't know any spells.
Your spell library was empty.

Dungeon Overview and Level Annotations

Branches:
Dungeon (6/15)             Temple (0/1) D:4

Altars:


Innate Abilities, Weirdness & Mutations

You are completely covered in rugged brown scales. (AC +3, +7% HP)
You have supernaturally acute eyesight. (SInv)
Armour fits poorly on your strangely shaped body.
You can roll at nearby foes to attack.
You have a long armoured tail.
You curl defensively after being hit. (AC +7*)


Message History

There is a stone staircase leading down here.
You hit the adder.
The adder is almost dead.
The adder barely misses you.
You hit the adder.
You kill the adder!
Trog accepts your kill.
You climb downwards.
The centaur zombie hits you. The centaur zombie barely misses you.
The two-headed ogre barely misses you. x2
The centaur zombie hits you but does no damage.
The centaur zombie kicks you but does no damage.
There is a stone staircase leading up, spattered with blood here.
The centaur zombie hits you but does no damage.
The centaur zombie kicks you but does no damage.
The two-headed ogre hits you with a +0 giant club! x2
The centaur zombie hits you but does no damage.
The centaur zombie kicks you but does no damage.
You climb upwards.
There is a stone staircase leading down here.
A red film seems to cover your vision as you go berserk!
You feel yourself moving faster!
You feel mighty!
The two-headed ogre hits you with a +0 giant club!!
The two-headed ogre hits you with a +0 giant club!
* * * LOW HITPOINT WARNING * * *
You hit the two-headed ogre.
The two-headed ogre is lightly wounded.
You hit the two-headed ogre.
Your tail-slap misses the two-headed ogre.
The two-headed ogre is moderately wounded.
The two-headed ogre hits you with a +0 giant club!
* * * LOW HITPOINT WARNING * * *
The two-headed ogre hits you but does no damage.
You closely miss the two-headed ogre. You tail-slap the two-headed ogre!
The two-headed ogre is heavily wounded.
You hit the two-headed ogre.
The two-headed ogre is severely wounded.
The two-headed ogre hits you with a +0 giant club.
* * * LOW HITPOINT WARNING * * *
The two-headed ogre hits you with a +0 giant club!!
You die...

...#...........#.......#....#....
...+...........#.......#....#....
...#...........#.......#....#....
...#...........#.......#....#....
...#.....###'###.......#....'....
...'.....#....###'###########....
...#.....#....##......##.....####
...#.....#.............#.....#
...#.....#.....O@†.....#.....#
...#.....#.............#.....#
...#.....#.............#.....#
...#.....#.............#.....#
####.....#'########....#.....####
........##..####.##....###......#
........#....+...........#......#
........#....#...........#......#
.............#...........#......#


You could see a two-headed ogre.

Vanquished Creatures
  An orc warrior (D:5)
  A necrophage (D:5)
  3 ogres
  2 phantoms
  Blork the orc (D:5)
  3 scorpions
  A howler monkey (D:5)
  2 bullfrog skeletons (D:5)
  2 orc priests
  An iguana (D:4)
  Ijyb (D:5)
  An orc wizard (D:4)
  4 gnolls (D:2)
  6 adders
  A shadow imp (D:5)
  2 ufetubi (D:5)
  A worm (D:2)
  3 dart slugs
  7 orcs
  7 endoplasms
  A giant cockroach (D:3)
  3 goblins
  6 hobgoblins
  2 jackals (D:4)
  A quokka (D:2)
  5 ball pythons
  A bat (D:2)
  A frilled lizard (D:1)
  3 kobolds
  9 rats
82 creatures vanquished.

Notes
Turn   | Place    | Note
-------+----------+-------------------------------------------
     0 | D:1      | cbfl8 the Palentonga Berserker began the quest for the Orb.
     0 | D:1      | Reached XP level 1. HP: 19/19 MP: 1/1
   425 | D:1      | Reached XP level 2. HP: 25/25 MP: 2/2
   831 | D:1      | You fall into a shaft and drop 1 floor!
   964 | D:2      | Reached XP level 3. HP: 31/31 MP: 3/3
   975 | D:2      | Reached ** piety under Trog
   976 | D:2      | Reached skill level 4 in Axes
   982 | D:2      | Reached XP level 4. HP: 28/39 MP: 4/4
  1211 | D:2      | Found a faded altar of an unknown god.
  2453 | D:3      | Noticed a phantom
  2465 | D:3      | Killed a phantom
  2466 | D:3      | Reached XP level 5. HP: 38/44 MP: 5/5
  3681 | D:4      | Noticed an ogre
  3686 | D:4      | Killed an ogre
  3687 | D:4      | Reached skill level 5 in Axes
  3687 | D:4      | Reached XP level 6. HP: 42/52 MP: 6/6
  3706 | D:4      | Reached skill level 1 in Stealth
  3908 | D:4      | Identified the +3 leather armour "Naygoeb" {+Inv rF+}
  4408 | D:4      | Found a staircase to the Ecumenical Temple.
  5023 | D:5      | Entered Level 5 of the Dungeon
  5085 | D:5      | Gained mutation: You curl defensively after being hit. (AC
                  | +7*) [Palentonga growth]
  5085 | D:5      | Reached XP level 7. HP: 52/58 MP: 7/7
  5267 | D:5      | Reached skill level 6 in Axes
  5452 | D:5      | Noticed Ijyb
  5477 | D:5      | Killed Ijyb
  5576 | D:5      | Reached skill level 5 in Fighting
  5819 | D:5      | Noticed Blork the orc
  5837 | D:5      | Killed Blork the orc
  5838 | D:5      | Reached XP level 8. HP: 32/66 MP: 8/8
  6463 | D:6      | Noticed a two-headed ogre
  6479 | D:5      | Reached skill level 7 in Axes
  6534 | D:5      | HP: 4/100 [two-headed ogre/+0 giant club (17)]
  6536 | D:5      | Annihilated by a two-headed ogre

Illustrated notes

Levels and vault maps discovered:
D:1:      kennysheep_arrival_seaside, layout_loops_ring
D:2:      layout_basic, dreamdust_ecumenical_altar_grove, chequers_mini_garden
D:3:      layout_basic, amcnicky_mini_pool_small
D:4:      layout_rooms, minmay_temple_entry_offerings, nrook_campfire,
          minivault_25
D:5:      layout_gridville, uniq_ijyb, uniq_blork_the_orc
D:6:      layout_loops_ring, mainiacjoe_overflow_brackets, minmay_manual_mess,
          uniq_grinder

Skill      XL: |  1  2  3  4  5  6  7  8 |
---------------+-------------------------+-----
Axes           | 4 5 6 7 |  7.1
Fighting       | 4 5 |  5.5
Dodging        | 2 |  2.2
Armour         | 2 3 4 |  4.5
Stealth        | 1 |  1.2

Action                   |  1- 3 |  4- 6 |  7- 9 || total
-------------------------+-------+-------+-------++-------
Melee: Hand axe          |    54 |   139 |   105 ||   298
       Tailslap          |     5 |    16 |    14 ||    35
       Punch             |       |     1 |     1 ||     2
Invok: Berserk           |     1 |     1 |     2 ||     4
       Trog's Hand       |       |     1 |       ||     1
 Abil: Rolling Charge    |       |     1 |       ||     1
  Use: Scroll            |       |     5 |       ||     5
       Potion            |       |     3 |       ||     3
 Stab: Sleeping          |       |     1 |       ||     1
Armor: Animal skin       |    14 |     8 |       ||    22
       Plate armour      |       |    44 |    57 ||   101
Dodge: Dodged            |    36 |    38 |    22 ||    96
